[ AOE2 MATCH · #506632539 ]
UnrankedBritons vs Incas
Player's team · WIN
Rival team · LOSS
[ REPLAY ANALYSIS · EXTRACTED FROM THE RECORDED GAME ]
Feudal
10:56
Castle
14:32
Imperial
—
| APM avg | 44.6 |
| APM peak | 82 |
| eAPM avg | 20.1 |
| Villagers / military | 75 / 65 |
Focus
⚔️ 28.1% · 🌾 71.9%
Archer ×56 · Scorpion ×4 · Monk ×2 · Militia ×2 · Mangonel ×1
Feudal
12:20
Castle
19:37
Imperial
—
| APM avg | 44.6 |
| APM peak | 78 |
| eAPM avg | 12.1 |
| Villagers / military | 64 / 5 |
Focus
⚔️ 26.4% · 🌾 73.6%
Unknown (2550) ×40 · Spearman ×5
Match map
Initial resources + every placement click. Lines = walls · curves = elevation contours. ◆ gold · ⬟ stone · ● berries · ✦ relic · ◌ wall gap
Your base· Open — 1t gap
HighPingWizard's base· Open — 8t gap
Smoothed initial terrain · ◌ = detected wall gap · hover for details
Inputs per minute
— 6 - - HighPingWizard
Build order — 6
First 150 of 170 actions detected
| 0:00 | Queue | Villager (Male) |
| 0:01 | Queue | Villager (Male) |
| 0:02 | Build | House |
| 0:04 | Build | House |
| 0:22 | Queue | Villager (Male) |
| 0:22 | Queue | Villager (Male) |
| 1:19 | Queue | Villager (Male) |
| 1:19 | Queue | Villager (Male) |
| 1:43 | Queue | Villager (Male) |
| 1:45 | Build | Lumber Camp |
| 2:12 | Queue | Villager (Male) |
| 2:12 | Queue | Villager (Male) |
| 2:40 | Queue | Villager (Male) |
| 2:40 | Queue | Villager (Male) |
| 2:47 | Queue | Villager (Male) |
| 2:47 | Queue | Villager (Male) |
| 2:59 | Build | House |
| 3:00 | Build | House |
| 3:10 | Queue | Villager (Male) |
| 3:10 | Queue | Villager (Male) |
| 3:37 | Queue | Villager (Male) |
| 3:37 | Queue | Villager (Male) |
| 4:18 | Queue | Villager (Male) |
| 4:19 | Queue | Villager (Male) |
| 4:19 | Queue | Villager (Male) |
| 4:21 | Build | Mill |
| 5:36 | Queue | Villager (Male) |
| 5:36 | Queue | Villager (Male) |
| 5:43 | Queue | Villager (Male) |
| 6:01 | Queue | Villager (Male) |
| 6:01 | Queue | Villager (Male) |
| 6:06 | Queue | Villager (Male) |
| 6:07 | Research | Loom |
| 7:23 | Build | Mining Camp |
| 7:56 | Research | Feudal Age |
| 10:56 | Age | Feudal Age |
| 11:01 | Build | Market |
| 11:01 | Queue | Villager (Male) |
| 11:04 | Build | Blacksmith |
| 11:12 | Queue | Villager (Male) |
| 11:23 | Research | Double-Bit Axe |
| 11:52 | Research | Castle Age |
| 12:20 | Build | Barracks |
| 12:50 | Build | House |
| 12:57 | Research | Horse Collar |
| 13:07 | Queue | Villager (Male) |
| 13:12 | Research | Fletching |
| 13:27 | Build | House |
| 13:38 | Build | Farm |
| 13:41 | Build | Farm |
| 13:41 | Research | Man-at-Arms (upgrade) |
| 13:55 | Build | Lumber Camp |
| 14:00 | Queue | Militia |
| 14:00 | Queue | Militia |
| 14:24 | Build | Archery Range |
| 14:28 | Build | Archery Range |
| 14:30 | Queue | Villager (Male) |
| 14:32 | Age | Castle Age |
| 14:32 | Build | Farm |
| 14:33 | Build | Farm |
| 15:12 | Build | Farm |
| 15:15 | Build | Farm |
| 15:17 | Build | Farm |
| 15:19 | Build | Farm |
| 15:20 | Queue | Villager (Male) |
| 15:28 | Queue | Archer |
| 15:28 | Queue | Archer |
| 15:41 | Queue | Villager (Male) |
| 15:45 | Build | Farm |
| 15:52 | Queue | Archer ×2 |
| 15:52 | Queue | Archer ×2 |
| 15:55 | Queue | Villager (Male) |
| 15:55 | Queue | Villager (Male) |
| 15:56 | Queue | Villager (Male) |
| 16:00 | Build | House |
| 16:20 | Queue | Villager (Male) |
| 16:32 | Queue | Villager (Male) |
| 17:00 | Research | Crossbowman (upgrade) |
| 17:05 | Build | Farm |
| 17:10 | Queue | Archer ×2 |
| 17:10 | Queue | Archer ×2 |
| 17:47 | Build | Farm |
| 17:50 | Build | Farm |
| 17:51 | Queue | Villager (Male) |
| 17:57 | Queue | Archer ×3 |
| 18:04 | Queue | Villager (Male) |
| 18:04 | Queue | Villager (Male) |
| 18:04 | Queue | Villager (Male) |
| 18:21 | Build | House |
| 18:42 | Research | Bodkin Arrow |
| 18:50 | Queue | Villager (Male) |
| 18:51 | Queue | Villager (Male) |
| 18:57 | Build | Town Center |
| 19:18 | Research | Town Watch |
| 19:24 | Queue | Archer |
| 19:24 | Queue | Archer |
| 19:41 | Queue | Villager (Male) |
| 19:52 | Research | Bow Saw |
| 20:01 | Queue | Archer |
| 20:01 | Queue | Archer |
| 20:11 | Build | Monastery |
| 20:17 | Queue | Villager (Male) |
| 20:17 | Queue | Villager (Male) |
| 20:24 | Build | House |
| 20:31 | Queue | Villager (Male) |
| 20:31 | Queue | Villager (Male) |
| 20:43 | Queue | Villager (Male) |
| 20:44 | Queue | Villager (Male) |
| 20:47 | Queue | Archer ×2 |
| 20:47 | Queue | Archer ×2 |
| 21:01 | Queue | Villager (Male) |
| 21:19 | Queue | Monk |
| 21:25 | Queue | Villager (Male) |
| 21:28 | Build | Siege Workshop |
| 21:34 | Queue | Archer |
| 21:34 | Queue | Archer |
| 21:37 | Build | House |
| 21:51 | Queue | Villager (Male) |
| 21:52 | Queue | Villager (Male) |
| 22:14 | Queue | Villager (Male) |
| 22:40 | Queue | Villager (Male) |
| 22:50 | Queue | Villager (Male) |
| 22:50 | Queue | Villager (Male) |
| 23:04 | Queue | Mangonel |
| 23:06 | Queue | Monk |
| 23:12 | Build | House |
| 23:13 | Build | House |
| 23:27 | Research | Padded Archer Armor |
| 23:39 | Queue | Villager (Male) |
| 23:40 | Queue | Villager (Male) |
| 23:41 | Queue | Villager (Male) |
| 23:42 | Queue | Villager (Male) |
| 23:42 | Queue | Villager (Male) |
| 24:24 | Queue | Villager (Male) |
| 24:29 | Queue | Archer ×5 |
| 24:29 | Queue | Archer ×5 |
| 24:33 | Queue | Villager (Male) |
| 24:46 | Queue | Villager (Male) |
| 24:53 | Queue | Archer ×3 |
| 24:53 | Queue | Archer ×3 |
| 25:12 | Build | Town Center |
| 25:19 | Build | Mining Camp |
| 25:19 | Queue | Villager (Male) |
| 25:20 | Queue | Villager (Male) |
| 25:40 | Queue | Villager (Male) ×2 |
| 25:43 | Queue | Archer ×5 |
| 25:43 | Queue | Archer ×5 |
| 26:00 | Build | Mill |
| 26:41 | Queue | Scorpion |
| 26:41 | Queue | Scorpion |
Build order — HighPingWizard
First 150 of 157 actions detected
| 0:00 | Queue | Villager (Male) |
| 0:01 | Queue | Villager (Male) |
| 0:01 | Queue | Villager (Male) |
| 0:02 | Build | House |
| 0:05 | Build | House |
| 0:11 | Queue | Villager (Male) |
| 1:38 | Queue | Villager (Male) |
| 1:38 | Queue | Villager (Male) |
| 1:39 | Queue | Villager (Male) |
| 2:02 | Build | Settlement |
| 2:09 | Queue | Villager (Male) |
| 2:43 | Queue | Villager (Male) |
| 3:05 | Queue | Villager (Male) |
| 3:21 | Queue | Villager (Male) |
| 4:04 | Queue | Villager (Male) |
| 4:28 | Build | Barracks |
| 4:34 | Queue | Villager (Male) |
| 5:09 | Queue | Villager (Male) |
| 5:14 | Queue | Villager (Male) |
| 5:29 | Build | Settlement |
| 5:34 | Queue | Unit 2550 |
| 5:43 | Queue | Villager (Male) |
| 6:10 | Queue | Villager (Male) |
| 6:18 | Queue | Unit 2550 |
| 6:50 | Queue | Villager (Male) |
| 6:51 | Queue | Villager (Male) |
| 6:59 | Queue | Unit 2550 |
| 7:21 | Queue | Unit 2550 |
| 7:22 | Queue | Villager (Male) |
| 7:45 | Queue | Unit 2550 |
| 8:08 | Queue | Villager (Male) |
| 8:25 | Queue | Villager (Male) |
| 8:40 | Build | Settlement |
| 9:03 | Queue | Villager (Male) |
| 10:10 | Research | Feudal Age |
| 10:23 | Research | Loom |
| 11:24 | Queue | Unit 2550 |
| 11:24 | Queue | Unit 2550 |
| 12:20 | Age | Feudal Age |
| 12:24 | Research | Tech 1402 |
| 12:27 | Queue | Villager (Male) |
| 12:33 | Build | Blacksmith |
| 12:39 | Queue | Villager (Male) |
| 12:45 | Research | Horse Collar |
| 12:45 | Research | Double-Bit Axe |
| 12:53 | Queue | Villager (Male) |
| 13:09 | Build | Outpost |
| 13:11 | Queue | Villager (Male) |
| 13:15 | Build | Farm |
| 13:15 | Build | Farm |
| 13:15 | Build | Farm |
| 13:16 | Build | Farm |
| 13:16 | Build | Farm |
| 13:16 | Build | Farm |
| 13:17 | Build | Farm |
| 13:25 | Build | Outpost |
| 13:28 | Build | Outpost |
| 13:51 | Queue | Villager (Male) |
| 14:19 | Build | Outpost |
| 14:24 | Queue | Villager (Male) |
| 14:28 | Build | Farm |
| 14:29 | Build | Farm |
| 14:49 | Queue | Villager (Male) |
| 14:56 | Build | Farm |
| 15:11 | Research | Arson |
| 15:31 | Queue | Villager (Male) |
| 15:47 | Queue | Villager (Male) |
| 16:18 | Build | Market |
| 16:32 | Queue | Villager (Male) |
| 16:47 | Research | Castle Age |
| 16:59 | Build | Farm |
| 17:01 | Build | Farm |
| 17:18 | Build | Outpost |
| 17:43 | Queue | Unit 2550 |
| 17:43 | Queue | Unit 2550 |
| 17:46 | Queue | Villager (Male) |
| 18:06 | Queue | Villager (Male) |
| 18:22 | Queue | Unit 2550 |
| 18:23 | Queue | Unit 2550 |
| 18:45 | Build | Barracks |
| 18:56 | Research | Scale Mail Armor |
| 18:56 | Research | Forging |
| 19:02 | Build | Farm |
| 19:04 | Build | Farm |
| 19:06 | Build | Farm |
| 19:37 | Age | Castle Age |
| 19:38 | Build | Town Center |
| 19:42 | Research | Tech 1351 |
| 19:48 | Queue | Villager (Male) |
| 19:51 | Build | House |
| 20:07 | Research | Squires |
| 20:18 | Queue | Unit 2550 |
| 20:33 | Queue | Villager (Male) |
| 20:34 | Queue | Villager (Male) |
| 20:44 | Build | Siege Workshop |
| 20:54 | Queue | Unit 2550 ×4 |
| 21:17 | Queue | Villager (Male) ×2 |
| 21:51 | Research | Chain Mail Armor |
| 22:02 | Queue | Villager (Male) |
| 22:02 | Queue | Villager (Male) |
| 22:18 | Queue | Unit 2550 ×2 |
| 22:29 | Build | House |
| 22:35 | Queue | Villager (Male) |
| 22:35 | Queue | Villager (Male) |
| 22:40 | Build | Settlement |
| 22:47 | Queue | Spearman ×5 |
| 23:03 | Queue | Villager (Male) |
| 23:03 | Queue | Villager (Male) |
| 23:03 | Queue | Villager (Male) |
| 23:09 | Queue | Unit 2550 ×4 |
| 23:15 | Queue | Unit 2550 ×3 |
| 23:21 | Build | Farm |
| 23:21 | Build | Farm |
| 23:21 | Build | Farm |
| 23:21 | Build | Farm |
| 23:21 | Build | Farm |
| 23:22 | Build | Farm |
| 23:22 | Build | Farm |
| 23:22 | Build | Farm |
| 23:34 | Research | Fletching |
| 23:43 | Build | House |
| 23:45 | Build | House |
| 23:54 | Build | Gate |
| 24:44 | Build | Farm |
| 24:53 | Queue | Villager (Male) |
| 24:54 | Queue | Villager (Male) |
| 24:54 | Queue | Villager (Male) |
| 24:54 | Queue | Villager (Male) |
| 24:54 | Queue | Villager (Male) |
| 25:15 | Queue | Villager (Male) |
| 25:15 | Queue | Villager (Male) |
| 25:29 | Build | House |
| 25:30 | Build | House |
| 25:31 | Build | House |
| 25:46 | Queue | Villager (Male) |
| 26:16 | Research | Iron Casting |
| 26:27 | Build | Settlement |
| 26:45 | Queue | Villager (Male) |
| 26:47 | Build | University |
| 26:51 | Queue | Villager (Male) |
| 26:59 | Build | House |
| 27:03 | Queue | Unit 2550 ×2 |
| 27:09 | Queue | Unit 2550 ×4 |
| 27:14 | Queue | Villager (Male) |
| 27:19 | Build | Farm |
| 27:21 | Build | Farm |
| 27:39 | Queue | Villager (Male) |
| 27:39 | Queue | Villager (Male) |
| 27:49 | Build | Farm |
| 27:55 | Queue | Unit 2550 ×3 |
Match timeline
| 4:28 | HighPingWizard · first_building Barracks |
| 10:56 | 6 · age_up feudal |
| 11:45 | 6 · first_market_sell 500 wood |
| 12:20 | HighPingWizard · age_up feudal |
| 12:20 | 6 · first_building Barracks |
| 14:24 | 6 · first_building Archery Range |
| 14:32 | 6 · age_up castle |
| 19:37 | HighPingWizard · age_up castle |
| 20:11 | 6 · first_building Monastery |
| 20:44 | HighPingWizard · first_building Siege Workshop |
| 20:52 | HighPingWizard · first_market_buy 100 food |
| 21:28 | 6 · first_building Siege Workshop |
| 23:11 | HighPingWizard · first_market_sell 500 wood |
| 25:01 | 6 · first_market_buy 100 stone |
| 29:06 | HighPingWizard · first_building Castle |
| 29:40 | HighPingWizard · resign |
[ AI ANALYSIS · 1 CREDIT ]
What really happened in this match?
Wolo.gg analyzes every decision: build order, eco, micro, common mistakes by bracket. Personalized analysis on WhatsApp or Discord in 30 seconds.
Civ guide
Britons
Perfil
Jugador #20686201